 Dungeon Crawl Stone Soup version 0.29.1-1-gd02db6906a (webtiles) character file.

Game seed: 3804368602686920665

30 Hadkhar the Sneak (level 3, 0/16 HPs)
             Began as a Spriggan Conjurer on Oct 16, 2022.
             Was a Follower of Lugonu.
             Slain by a quasit (2 damage)
             ... on level 2 of the Abyss.
             The game lasted 00:09:41 (2048 turns).

Hadkhar the Sneak (Spriggan Conjurer)               Turns: 2048, Time: 00:09:42

Health: 0/16       AC:  2    Str:  3      XL:     3   Next: 3%
Magic:  3/8        EV: 16    Int: 21      God:    Lugonu [*.....]
Gold:   36         SH:  0    Dex: 11 (13) Spells: 5/8 levels left

rFire   . . .      SeeInvis +   h - +0 sling
rCold   . . .      Faith    .   (no shield)
rNeg    . . .      Spirit   .   a - +0 robe
rPois   .          Reflect  .   (helmet restricted)
rElec   .          Harm     .   (no cloak)
rCorr   .          Rampage  .   (gloves unavailable)
Will    .....                   (boots unavailable)
Stlth   ++........              (no amulet)
HPRegen 0.00/turn               (no ring)
MPRegen 0.11/turn               (no ring)

@: sick, unable to read, very quick
A: very small, no large weapons, unfitting armour, see invisible, speed 3,
[inability to read after injury 2]
a: Renounce Religion, Depart the Abyss


You were on level 2 of the Abyss.
You worshipped Lugonu.
Lugonu was aware of your devotion.
You visited 1 branch of the dungeon, and saw 2 of its levels.
You visited the Abyss 1 time.

You collected 36 gold pieces.

Inventory:

Hand Weapons
 c - a +0 dagger
 h - a +0 sling (weapon)
 i - a +0 rapier
Missiles
 e - 4 curare-tipped darts
Armour
 a - a +0 robe (worn)
Scrolls
 f - a scroll of fear {unknown}
 j - 2 scrolls of enchant weapon {unknown}
Potions
 b - a potion of magic
 d - a potion of ambrosia {unknown}
 g - a potion of heal wounds {unknown}


   Skills:
 - Level 2.7 Dodging
 + Level 3.8 Stealth
 + Level 3.2 Spellcasting
 + Level 3.1 Conjurations
 + Level 1.4 Hexes


You had 5 spell levels left.
You knew the following spells:

 Your Spells              Type           Power      Damage    Failure   Level
a - Magic Dart            Conj           64%        1d6       3%          1
b - Searing Ray           Conj           32%        2d5       5%          2

Your spell library contained the following spells:

 Spells                   Type           Power      Damage    Failure   Level
 Dazzling Flash           Conj/Hex       24%        N/A       16%         3
 Confusing Touch          Hex            9%         N/A       22%         3
 Fulminant Prism          Conj/Hex       6%         3d7       45%         4
 Iskenderun's Mystic Bla  Conj/Tloc      10%        2d4       56%         4
 Yara's Violent Unravell  Hex/Tmut       3%         3d4       95%         5
 Enfeeble                 Hex            4%         N/A       100%        7


Dungeon Overview and Level Annotations

Branches:
Dungeon (2/15)

Altars:


Innate Abilities, Weirdness & Mutations

You are very small and have problems with some larger weapons.
You are too small for most types of armour.
You have supernaturally acute eyesight. (SInv)
You cover ground extremely quickly. (Speed+++)
[You sometimes lose the ability to read scrolls when taking damage.]


Message History

Aim: a quasit (58% to hit)
The searing ray hits the quasit.
The quasit is moderately wounded. (Press . to maintain the ray.)
The quasit bites you.
You feel threatened and lose the ability to read scrolls!
* * * LOW HITPOINT WARNING * * *
You feel clumsy. The quasit closely misses you. x2
Casting: Searing Ray (safe; 5% risk of failure)
Confirm with . or Enter, or press ? or * to list all spells.
Restarting spell: Searing Ray (safe; 5% risk of failure)
Press: ? - help, Shift-Dir - straight line, f/p - quasit
Aim: a quasit (moderately wounded, 58% to hit)
The searing ray misses the quasit. (Press . to maintain the ray.)
The quasit bites you.
* * * LOW HITPOINT WARNING * * *
You feel clumsy. The quasit completely misses you.
The quasit barely misses you. The quasit bites you.
* * * LOW HITPOINT WARNING * * *
The quasit completely misses you. The quasit closely misses you.
You can read scrolls again.
Casting: Searing Ray (safe; 5% risk of failure)
Confirm with . or Enter, or press ? or * to list all spells.
Aiming: Searing Ray (safe; 5% risk of failure)
Press: ? - help, Shift-Dir - straight line, f/p - quasit
Aim: a quasit (moderately wounded, 58% to hit)
The searing ray hits the quasit.
The quasit is heavily wounded. (Press . to maintain the ray.)
There is a corrupted altar of Lugonu here.
You kneel at the altar of Lugonu.
Lugonu welcomes you!
You can now depart the Abyss.
You fail to use your ability.
The quasit bites you.
You feel threatened and lose the ability to read scrolls!
You die...

.... #.. .#
#... .# # . #
. . . #.
#.##.## .#.#
. #.#
#.#.......# .
#.. ..
#.##...## #
... .##..
#._#.#.#..#
.... # .
#.###.#.....#
. #..#
#...#...#.##
.. . # .#
.#.#..##..# .
.
##..#.5@...#
. ## #...
.##.##.#.# ##
#.#.#..#.# #
#...#.#..# #
..##..##
#..##.# ..##
.#.# ##


You could see a quasit.

Vanquished Creatures
  2 orcs (D:2)
  A bat (D:1)
  4 endoplasms
  A giant cockroach (D:1)
  3 hobgoblins (D:1)
  A kobold (D:1)
  2 quokkas (D:1)
  4 ball pythons (D:1)
  4 frilled lizards (D:1)
  2 goblins (D:1)
  2 rats (D:1)
26 creatures vanquished.

Notes
Turn   | Place    | Note
-------+----------+-------------------------------------------
     0 | D:1      | Hadkhar the Spriggan Conjurer began the quest for the Orb.
     0 | D:1      | Reached XP level 1. HP: 9/9 MP: 5/5
   473 | D:1      | Reached XP level 2. HP: 13/13 MP: 2/6
   589 | D:1      | Reached skill level 1 in Hexes
  1756 | D:2      | Learned a level 2 spell: Searing Ray
  1766 | D:2      | Reached XP level 3. HP: 16/16 MP: 4/8
  1780 | Abyss:1  | Cast into level 1 of the Abyss (orc)
  1810 | Abyss:1  | Noticed a daeva
  1837 | Abyss:1  | Noticed a wretched star
  1856 | Abyss:1  | Noticed a raiju
  1857 | Abyss:1  | Noticed a raiju
  1873 | Abyss:1  | Noticed a green death
  1890 | Abyss:1  | Noticed a starcursed mass
  1895 | Abyss:1  | Noticed a smoke demon
  1948 | Abyss:2  | Noticed a neqoxec
  1987 | Abyss:2  | Noticed an ancient zyme
  2004 | Abyss:2  | Noticed a small abomination
  2011 | Abyss:2  | Found a corrupted altar of Lugonu.
  2036 | Abyss:2  | Found a corrupted altar of Lugonu.
  2041 | Abyss:2  | Became a worshipper of Lugonu the Unformed
  2041 | Abyss:2  | Reached * piety under Lugonu
  2048 | Abyss:2  | Slain by a quasit

Illustrated notes

Levels and vault maps discovered:
D:1:      onia_arrival_mini_spirals, layout_basic
D:2:      layout_basic, ebering_ecumenical_altar_hall, basic_altar,
          minmay_misc_feat_tower, minmay_split_cup_large
Abyss:2:  base:
D:2

Skill      XL: |  1  2 |
---------------+-------+-----
Conjurations   | 3 |  3.1
Spellcasting   | 3 |  3.2
Hexes          | 1 |  1.4
Dodging        | |  2.7
Stealth        | |  3.8

Action                   || total
-------------------------++-------
Melee: Dagger            ||     7
 Fire: Sling             ||     3
 Cast: Magic Dart        ||    59
       Searing Ray       ||     4
Dodge: Dodged            ||    19
